 Dungeon Crawl Stone Soup version 0.27.1-1-g398f81649c (webtiles) character file.

Game seed: 2145042791756114967

732 funkygono the Firebug (level 7, -6/37 HPs)
             Began as a Gargoyle Fire Elementalist on Sept 20, 2021.
             Was an Initiate of Vehumet.
             Mangled by Crazy Yiuf (14 damage)
             ... on level 4 of the Dungeon.
             The game lasted 00:09:02 (4877 turns).

funkygono the Firebug (Gargoyle Fire Elementalist)  Turns: 4877, Time: 00:09:03

Health: -6/37      AC:  7    Str: 12    XL:     7   Next: 73%
Magic:  9/14       EV: 12    Int: 17    God:    Vehumet [......]
Gold:   204        SH:  0    Dex: 10    Spells: 2/15 levels left

rFire    . . .     SeeInvis .   d - +1 whip (freeze)
rCold    . . .     Faith    .   (no shield)
rNeg     + . .     Spirit   .   a - +0 robe
rPois    ∞         Reflect  .   c - +0 hat
rElec    +         Harm     .   i - scarf {repulsion}
rCorr    .         Rampage  .   j - +0 pair of gloves
Will     .....                  (no boots)
Stlth    ++........             (no amulet)
HPRegen  0.12/turn              (no ring)
MPRegen  0.14/turn              (no ring)

@: repel missiles
A: sickness immunity, AC +4, negative energy resistance 1, electricity
resistance, torment resistance 1, petrification resistance
a: Renounce Religion


You were on level 4 of the Dungeon.
You worshipped Vehumet.
Vehumet was noncommittal.
You visited 2 branches of the dungeon, and saw 5 of its levels.

You collected 204 gold pieces.

Inventory:

Hand Weapons
 d - a +1 whip of freezing (weapon)
 f - a +0 mace
Missiles
 e - 114 stones
Armour
 a - a +0 robe (worn)
 c - a +0 hat (worn)
 i - a scarf of repulsion (worn)
 j - a +0 pair of gloves (worn)
Scrolls
 k - a scroll of vulnerability {unknown}
 l - a scroll of teleportation
 o - a scroll of identify {unknown}
Potions
 b - a potion of might {unknown}
 g - a potion of berserk rage {unknown}
 h - a potion of curing
 m - a potion of degeneration {unknown}
 n - a potion of brilliance {unknown}
 p - a potion of heal wounds {unknown}


   Skills:
 + Level 0.6 Fighting
 + Level 0.1 Maces & Flails
 + Level 2.0 Dodging
 - Level 2.1 Stealth
 * Level 4.7 Spellcasting
 * Level 4.8 Conjurations
 * Level 5.5 Fire Magic


You had 2 spell levels left.
You knew the following spells:

 Your Spells              Type           Power      Damage    Failure   Level
a - Foxfire               Conj/Fire      84%        2x1d8     1%          1
b - Conjure Flame         Conj/Fire      21%        6-21      5%          3
c - Sticky Flame          Conj/Fire      21%        2d4       17%         4
d - Fireball              Conj/Fire      10%        3d6       43%         5

Your spell library contained the following spells:

 Spells                   Type           Power      Damage    Failure   Level
 Magic Dart               Conj           80%        1d7       1%          1
 Searing Ray              Conj           40%        3d4       3%          2
 Blink                    Tloc           N/A        N/A       22%         2
 Inner Flame              Hex/Fire       13%        N/A       14%         3
 Lesser Beckoning         Tloc           2%         N/A       41%         3
 Fulminant Prism          Conj/Hex       6%         3d7       47%         4
 Manifold Assault         Tloc           4%         N/A       99%         5


Dungeon Overview and Level Annotations

Branches:
Dungeon (4/15)             Temple (1/1) D:4

Altars:
Ashenzari
Cheibriados
Dithmenos
Elyvilon
Fedhas
Gozag
Makhleb
Nemelex Xobeh
Okawaru
Qazlal
Ru
Trog
Uskayaw
Vehumet
Wu Jian
Xom
Zin

Shops:
D:4 *

Annotations:
D:4 Crazy Yiuf


Innate Abilities, Weirdness & Mutations

You are immune to sickness and miasma.
Your stone body is resilient. (AC +4)
You are immune to poison.
You resist negative energy. (rN+)
You are resistant to electric shocks. (rElec)
You are resistant to unholy torment.
You are immune to petrification.


Message History

You open the door. You hit Crazy Yiuf but do no damage.
Crazy Yiuf closely misses you.
Casting: Foxfire (safe; 1% risk of failure)
Confirm with . or Enter, or press ? or * to list all spells.
You conjure some foxfire!
Crazy Yiuf says, "Key canine verde!"
Crazy Yiuf hits you with a +3 quarterstaff of chaos.
You feel your power leaking away.
Unknown command.
The foxfire hits Crazy Yiuf.
Crazy Yiuf is lightly wounded.
The foxfire hits Crazy Yiuf.
Crazy Yiuf is moderately wounded.
Casting: Foxfire (safe; 1% risk of failure)
Confirm with . or Enter, or press ? or * to list all spells.
You conjure some foxfire!
Crazy Yiuf hits you with a +3 quarterstaff of chaos!
Unknown command.
The foxfire hits Crazy Yiuf.
Crazy Yiuf is moderately wounded.
The foxfire hits Crazy Yiuf.
Crazy Yiuf is heavily wounded.
Casting: Foxfire (safe; 1% risk of failure)
Confirm with . or Enter, or press ? or * to list all spells.
You conjure some foxfire!
Crazy Yiuf hits you with a +3 quarterstaff of chaos!
* * * LOW HITPOINT WARNING * * *
Crazy Yiuf burns you.
* * * LOW HITPOINT WARNING * * *
The foxfire hits Crazy Yiuf!
Crazy Yiuf is severely wounded.
The foxfire hits Crazy Yiuf.
Crazy Yiuf is almost dead.
Crazy Yiuf flaps his cloak.
Crazy Yiuf twirls on the spot.
Casting: Foxfire (safe; 1% risk of failure)
Confirm with . or Enter, or press ? or * to list all spells.
You conjure some foxfire!
Crazy Yiuf hits you with a +3 quarterstaff of chaos!
You die...

....#..##...## #..###.##....#
....#.##.....## ##.###.##....###
.#.........#..####...##..#......#
##......####...##....#......#....
#........####.....#.####....##...
..........##......#..# #.........
.........#####...##..###...#####.
..........## #..vv<..........##..
.......>...###..@.....##.###.....
................g.....###.####...
.......###..####'..+###....####..
.......##...# #....# ###.<.....#
............# #....# #.###.#...#
............# ##...# #..####...#
###...#)##..# ##.## #....####.#
.♣#..##.....# ##.# #....####.#
..#.#.......# #.## #......#..#


You could see Crazy Yiuf (ally target).

Vanquished Creatures
  Grinder (D:4)
  A sky beast (D:4)
  An ogre (D:4)
  A necrophage (D:3)
  A wyvern skeleton (D:3)
  A hound (D:4)
  An iguana (D:4)
  4 adders
  A gnoll (D:1)
  2 worms
  A dart slug (D:3)
  6 orcs (D:3)
  2 ball pythons (D:2)
  8 bats
  6 endoplasms
  A giant cockroach (D:1)
  8 goblins
  6 hobgoblins
  14 jackals (D:1)
  2 quokkas
  4 frilled lizards
  9 kobolds
  6 rats
87 creatures vanquished.

Vanquished Creatures (collateral kills)
  4 foxfires (D:2)
4 creatures vanquished.

Vanquished Creatures (others)
  318 foxfires
  2 plants (D:2)
320 creatures vanquished.

Grand Total: 411 creatures vanquished

Notes
Turn   | Place    | Note
-------+----------+-------------------------------------------
     0 | D:1      | funkygono the Gargoyle Fire Elementalist began the quest
                  | for the Orb.
     0 | D:1      | Reached XP level 1. HP: 10/10 MP: 3/3
    51 | D:1      | Reached XP level 2. HP: 12/15 MP: 0/5
   479 | D:1      | Reached XP level 3. HP: 19/19 MP: 4/6
  1395 | D:1      | Found a faded altar of an unknown god.
  1407 | D:1      | Learned a level 3 spell: Conjure Flame
  1436 | D:2      | Reached XP level 4. HP: 24/24 MP: 5/7
  1441 | D:2      | Learned a level 4 spell: Sticky Flame
  2517 | D:3      | Noticed a necrophage
  2524 | D:3      | Killed a necrophage
  2525 | D:3      | Reached skill level 4 in Fire Magic
  2525 | D:3      | Reached XP level 5. HP: 28/28 MP: 1/10
  2605 | D:3      | Found an opulent altar of Gozag.
  3071 | D:3      | Reached XP level 6. HP: 27/32 MP: 2/11
  3848 | D:4      | Found a stormy altar of Qazlal.
  3918 | D:4      | Noticed a sky beast
  3928 | D:4      | Killed a sky beast
  3980 | D:4      | Noticed Grinder
  3983 | D:4      | Paralysed by Grinder for 4 turns
  3991 | D:4      | Paralysed by Grinder for 5 turns
  3994 | D:4      | Killed Grinder
  3995 | D:4      | Reached skill level 5 in Fire Magic
  3995 | D:4      | Reached XP level 7. HP: 35/37 MP: 4/13
  4003 | D:4      | Learned a level 5 spell: Fireball
  4084 | D:4      | Found a staircase to the Ecumenical Temple.
  4096 | Temple   | Entered the Ecumenical Temple
  4229 | Temple   | Became a worshipper of Vehumet
  4624 | D:4      | Found Zawnawirph's General Store.
  4858 | D:4      | Found a runed translucent door.
  4859 | D:4      | Noticed Crazy Yiuf
  4877 | D:4      | Mangled by Crazy Yiuf

Illustrated notes

Levels and vault maps discovered:
D:1:      saegor_arrival_simple_e, layout_basic,
          hellmonk_ecumenical_altar_dog_temple, minmay_tromino_i2
D:2:      layout_loops_ring, serial_bayou_ford_a
D:3:      layout_basic, general_overflow_altar
D:4:      layout_cave_pools, nicolae_overflow_crystal_walls,
          minmay_temple_entry_purple_smoke, serial_shops,
          nicolae_lakefront_shop, uniq_crazy_yiuf_cottage, uniq_grinder
Temple:   regret_index_temple_generic_petals

Skill      XL: |  1  2  3  4  5  6 |
---------------+-------------------+-----
Conjurations   | 2 3 4 |  4.8
Spellcasting   | 3 4 |  4.7
Fire Magic     | 4 5 |  5.5
Dodging        | 2 |  2.0
Fighting       | |  0.6
Maces & Flails | |  0.1
Stealth        | |  2.1

Action                   |  1- 3 |  4- 6 |  7- 9 || total
-------------------------+-------+-------+-------++-------
Melee: Unarmed           |     5 |       |       ||     5
       Whip              |     4 |    30 |     1 ||    35
 Cast: Foxfire           |    55 |   106 |    32 ||   193
       Sticky Flame      |       |     2 |       ||     2
  Use: Scroll            |     2 |     3 |       ||     5
 Stab: Sleeping          |     1 |       |       ||     1
Armor: Robe              |    27 |    12 |       ||    39
Dodge: Dodged            |    57 |    19 |     1 ||    77
